 Dungeon Crawl Stone Soup version 0.17.0-57-g0e89251 (webtiles) character file.

561 DeXoteric the Covert (level 7, -1/51 HPs)
             Began as a Vine Stalker Assassin on Dec 7, 2015.
             Slain by a gnoll
             ... wielding a +2 spear of chaos
              (2 damage)
             ... on level 4 of the Dungeon.
             The game lasted 00:11:44 (3258 turns).

DeXoteric the Covert (Vine Stalker Assassin)        Turns: 3258, Time: 00:11:45

Health: -1/51      AC:  7    Str: 18    XL:     7   Next: 31%
Magic:  0/17       EV: 11    Int: 13    God:
Gold:   143        SH:  0    Dex: 19    Spells: 0 memorised, 6 levels left

rFire  . . .     SeeInvis .     a - +2 dagger
rCold  . . .     Clarity  .     l - +0 leather armour
rNeg   . . .     SustAt   .     (no shield)
rPois  .         Gourm    .     (no helmet)
rElec  .         Spirit   +     d - +0 cloak
rCorr  .         Warding  .     n - +2 pair of gloves {Dex+3}
rMut   +         Stasis   .     (no boots)
MR     .....                    i - amulet of resist mutation
Stlth  ..........               (no ring)
                                z - ring of magical power

@: berserking, lethally poisoned (-1 -> -1), very slightly contaminated, hasted,
drained, very quick, not resistant to hostile enchantments, extremely unstealthy
A: fangs 2, regeneration 2, magic shield, antimagic bite, no device heal 3, rot
immunity
a: no special abilities


You were on level 4 of the Dungeon.
You were hungry.

You visited 1 branch of the dungeon, and saw 4 of its levels.

You collected 143 gold pieces.

Inventory:

Hand Weapons
 a - a +2 dagger (weapon)
 b - a +0 blowgun
Missiles
 f - 2 curare-tipped needles
Armour
 c - a +0 robe
 d - a +0 cloak (worn)
 l - a +0 leather armour (worn)
 n - a +2 pair of gloves of dexterity (worn)
Jewellery
 i - an amulet of resist mutation (around neck)
 z - a ring of magical power (left hand)
Wands
 k - a wand of slowing (16)
Scrolls
 p - a scroll of recharging {unknown}
 s - 3 scrolls of random uselessness {unknown}
 t - 4 scrolls of remove curse {unknown}
 u - 3 scrolls of identify {unknown}
 w - a scroll of noise {unknown}
 y - a scroll of amnesia {unknown}
 E - a scroll of enchant weapon {unknown}
 F - a scroll of teleportation {unknown}
Potions
 j - 3 potions of curing {unknown}
 m - 2 potions of cancellation {unknown}
 o - a potion of invisibility {unknown}
 q - a potion of might {unknown}
 r - 2 potions of mutation {unknown}
 v - 2 potions of ambrosia {unknown}
 x - a potion of lignification {unknown}
 B - a potion of poison {unknown}
 C - 2 potions of resistance {unknown}
 D - a potion of degeneration {unknown}
Comestibles
 g - a bread ration
 h - 3 meat rations
 A - a chunk of flesh


   Skills:
 - Level 1.7(1.3) Fighting
 + Level 5.1(4.6) Short Blades
 - Level 1.7(1.3) Throwing
 - Level 0.7(0.3) Dodging
 + Level 8.6(8.1) Stealth


You had 6 spell levels left.
You didn't know any spells.

Dungeon Overview and Level Annotations

Branches:
Dungeon (4/15)
 Temple: D:4-7

Altars:
Vehumet


Innate Abilities, Weirdness & Mutations

You have extremely sharp teeth.
You heal very quickly.
When hurt, damage is shared between your health and your magic reserves.
Your bite disrupts and absorbs the magic of your enemies.
Potions and wands cannot restore your health.
You are immune to rotting.


Message History

The gnoll hits you with a dagger of chaos.
* * * LOW HITPOINT WARNING * * *
The gnoll burns you.
* * * LOW HITPOINT WARNING * * *
The gnoll hits you but does no damage.
You are electrocuted!
* * * LOW HITPOINT WARNING * * *
a - a +2 dagger (weapon)
You feel sick.
You closely miss the gnoll.
The gnoll hits you with a dagger of chaos.
* * * LOW HITPOINT WARNING * * *
A red film seems to cover your vision as you go berserk!
You feel yourself moving faster!
You feel mighty! The gnoll completely misses you.
You puncture the gnoll!
You kill the gnoll!
The gnoll hits you with a spear of chaos.
* * * LOW HITPOINT WARNING * * *
The gnoll burns you.
You die...

## .##.. #..........#.. .
#g.≈# #..........#.. .#
#g#≈.≈. #.####....##.. ...#≈
#[.## #.############
...≈§##g⌠$ ##..........#..
#....⌠#.≈ #........>..#..
##§g§)# ###...........'..
#######)######.#...........#..
#....'.....(gf.#...........#..
#...####.###################'#
#. ##.###..................
#....#..................
#....'..................
#....#..................
#....#...............÷..
#....#.......########...
##...#.......# #...


You could see a gnoll.

Vanquished Creatures
  Sigmund (D:3)
  Crazy Yiuf (D:3)
  Ijyb (D:2)
  An iguana (D:3)
  A centaur skeleton (D:4)
  A giant frog skeleton (D:4)
  3 worker ants
  5 adders
  7 gnolls (D:4)
  2 oozes (D:2)
  2 worms
  A giant gecko (D:1)
  5 orcs (D:3)
  5 bats
  5 giant cockroaches
  6 goblins
  7 hobgoblins
  4 jackals (D:4)
  4 kobolds
  4 quokkas
  A ball python (D:1)
  3 giant newts
  2 quokka skeletons (D:4)
  5 rats
77 creatures vanquished.

Vanquished Creatures (others)
  4 toadstools (D:1)
4 creatures vanquished.

Grand Total: 81 creatures vanquished

Notes
Turn   | Place    | Note
--------------------------------------------------------------
     0 | D:1      | DeXoteric the Vine Stalker Assassin began the quest for the Orb.
     0 | D:1      | Reached XP level 1. HP: 11/11 MP: 2/2
   123 | D:1      | Reached skill level 5 in Stealth
   344 | D:1      | Reached XP level 2. HP: 15/15 MP: 3/3
   894 | D:2      | Noticed Ijyb
   913 | D:2      | Killed Ijyb
   913 | D:2      | Reached XP level 3. HP: 15/18 MP: 2/4
  1166 | D:2      | Reached skill level 6 in Stealth
  1191 | D:2      | Reached XP level 4. HP: 23/23 MP: 5/5
  1744 | D:3      | Noticed Crazy Yiuf
  1759 | D:3      | Killed Crazy Yiuf
  1759 | D:3      | Reached XP level 5. HP: 14/26 MP: 3/6
  2040 | D:3      | Reached skill level 7 in Stealth
  2231 | D:3      | Noticed Sigmund
  2398 | D:3      | Killed Sigmund
  2398 | D:3      | Reached skill level 8 in Stealth
  2398 | D:3      | Gained mutation: You heal very quickly. [Vine Stalker growth]
  2398 | D:3      | Reached XP level 6. HP: 25/30 MP: 5/7
  2846 | D:4      | Found a radiant altar of Vehumet.
  2868 | D:4      | Reached XP level 7. HP: 31/34 MP: 8/8
  3073 | D:4      | Reached skill level 5 in Short Blades
  3258 | D:4      | HP: 1/51 [gnoll/spear of chaos (2)]
  3258 | D:4      | Slain by a gnoll

Action                   |  1- 3 |  4- 6 |  7- 9 || total
-------------------------+-------+-------+-------++-------
Melee: Dagger            |    57 |   124 |    59 ||   240
 Fire: Blowgun           |     7 |    21 |     6 ||    34
 Stab: Sleeping          |     6 |     6 |     3 ||    15
       Distracted        |     1 |     1 |       ||     2
  Eat: Chunk             |     1 |     5 |     1 ||     7
